[Event "Germany Countries-chT Youth 2022"]
[Site "Wiesbaden"]
[Date "2022.10.03"]
[Round "5"]
[White "Goepfert, Gregor"]
[Black "Koepnick, Amanda"]
[Result "1-0"]
[ECO "C54"]
[WhiteElo "1480"]
[BlackElo "1244"]
[Annotator "NA RC COMBH"]
[PlyCount "109"]
[EventDate "2022.09.28"]
[EventType "team-tourn"]
[EventRounds "7"]
[EventCountry "GER"]
[SourceTitle "playchess.com"]
[Source "ChessBase"]
[SourceQuality "1"]
[TimeControl "40/5400+30:1800+30"]

1. e4 e5 2. Nf3 Nc6 3. Bc4 Bc5 4. c3 Nf6 5. d3 h6 6. Nbd2 d6 7. Nf1 O-O 8. Ng3 Re8 9. O-O Be6 10. Bxe6 fxe6 11. d4 Bb6 12. dxe5 Nxe5 13. Nxe5 dxe5 14. Qe2 Qe7 15. a4 a6 16. a5 Ba7 17. Be3 Qf7 18. Bxa7 Rxa7 19. Qe3 Raa8 20. Qc5 Qe7 21. Qxe5 Qd6 22. Qxd6 cxd6 23. Rfd1 Red8 24. Ra4 Rd7 25. e5 dxe5 26. Rxd7 Nxd7 27. Rb4 Rb8 28. Ne4 b5 29. axb6 Rxb6 30. Rxb6 Nxb6 31. Nc5 a5 32. Nxe6 Kf7 33. Nc5 Ke7 34. Kf1 a4 35. Ke2 Kd6 36. Ne4+ Kd5 37. Nd2 Nc4 38. Nxc4 Kxc4 39. Kd2 Kb3 40. Kc1 e4 41. g4 g5 42. h3 Kc4 43. Kc2 Kb5 44. b3 axb3+ 45. Kxb3 Kc5 46. c4 Kc6 47. Kb4 Kd6 48. c5+ Kd7 49. Kb5 Kc7 50. c6 Kc8 51. Kc5 Kc7 52. Kd5 Kc8 53. Kxe4 Kc7 54. Kd5 Kc8 55. Ke6 1-0

[Event "Germany Countries-chT Youth 2022"]
[Site "Wiesbaden"]
[Date "2022.10.03"]
[Round "5"]
[White "Meng, Yuxuan"]
[Black "Huppert, Anna"]
[Result "1-0"]
[ECO "C02"]
[WhiteElo "1472"]
[BlackElo "1417"]
[Annotator "NA COMBH"]
[PlyCount "111"]
[EventDate "2022.09.28"]
[EventType "team-tourn"]
[EventRounds "7"]
[EventCountry "GER"]
[SourceTitle "playchess.com"]
[Source "ChessBase"]
[SourceQuality "1"]
[TimeControl "40/5400+30:1800+30"]

1. e4 e6 2. d4 d5 3. e5 c5 4. c3 Nc6 5. Nf3 Bd7 6. Be2 f6 7. O-O Qc7 8. exf6 Nxf6 9. Re1 Bd6 10. Bd3 c4 11. Bf5 O-O-O 12. Bc2 e5 13. dxe5 Nxe5 14. Nbd2 Bg4 15. h3 Bh5 16. Rb1 g5 17. b3 g4 18. Nxe5 Bxe5 19. Bf5+ Kb8 20. hxg4 Bg6 21. Qf3 Rhe8 22. g3 Bxg3 23. Rxe8 Bh2+ 24. Kg2 Rxe8 25. Bxg6 hxg6 26. Qxf6 Bf4 27. Nf3 Bxc1 28. Rxc1 cxb3 29. axb3 Rg8 30. Rh1 Qc8 31. Ne5 g5 32. Qd6+ Ka8 33. Qxd5 Rd8 34. Qc4 Qxc4 35. Nxc4 b5 36. Ne5 Kb7 37. Nf7 Rd3 38. Nxg5 Rxc3 39. Ne4 Rc2 40. Rb1 a5 41. g5 Rc6 42. f4 Kc7 43. Kf3 Kd7 44. Re1 a4 45. bxa4 bxa4 46. Ra1 Ke6 47. Rxa4 Rc1 48. Kg4 Rg1+ 49. Ng3 Rd1 50. f5+ Kf7 51. g6+ Kg7 52. Kg5 Rd5 53. Nh5+ Kf8 54. g7+ Kf7 55. Ra7+ Kg8 56. Nf6# 1-0

[Event "Germany Countries-chT Youth 2022"]
[Site "Wiesbaden"]
[Date "2022.10.03"]
[Round "5"]
[White "Muller, Magnus"]
[Black "Lange, Jannis"]
[Result "0-1"]
[ECO "A45"]
[WhiteElo "1464"]
[BlackElo "2085"]
[Annotator "TA"]
[PlyCount "58"]
[EventDate "2022.09.28"]
[EventType "team-tourn"]
[EventRounds "7"]
[EventCountry "GER"]
[SourceTitle "playchess.com"]
[Source "ChessBase"]
[SourceQuality "1"]
[TimeControl "40/5400+30:1800+30"]

1. d4 Nf6 2. Nc3 d5 3. Bf4 c5 4. e4 e6 5. Nb5 Na6 $1 6. e5 {[%emt 0:00:27] D00: 1 d4 d5: Unusual lines.} Nd7 7. c3 {[%emt 0:06:32] [#]} cxd4 $146 ({Predecessor:} 7... Be7 8. Nf3 Qb6 9. a4 cxd4 10. cxd4 Nb4 11. Rc1 O-O 12. Be2 a6 13. Nc3 f6 14. exf6 Bxf6 {0-1 (78) Fiorito,F (2357)-Iskusnyh,S (2473) Chess.com INT 2022}) 8. cxd4 {[%emt 0:04:09] White is slightly better.} Bb4+ 9. Bd2 {[%emt 0:00:44] Threatens to win with Bxb4.} O-O $1 10. f4 Be7 11. Qb3 Ndb8 12. Nf3 Nc6 13. a3 Nc7 (13... Bd7) 14. Nxc7 Qxc7 15. Rc1 Qd8 16. Bd3 f5 17. exf6 gxf6 18. O-O Rf7 19. Bc3 Rg7 (19... f5) ({Black should play} 19... f5 $14) 20. Rce1 (20. f5 $1 $16) 20... Kh8 (20... f5 $1 $14) 21. f5 $1 $16 Qg8 22. Re2 Bd6 {[%emt 0:00:09] [#]} (22... exf5 $16 23. Nh4 f4) 23. Qc2 (23. Rfe1 $1 $18) 23... exf5 24. Bxf5 Ne7 {[%emt 0:00:41] [#]} 25. Bxc8 (25. Nh4 $1 $16) 25... Rxc8 (25... Qxc8 $11 {keeps the balance.} 26. Kh1 Qg4) 26. Nh4 Rf8 27. Nf5 Nxf5 28. Qxf5 Re8 29. Rxe8 (29. Rfe1 $16 Rxe2 30. Rxe2) 29... Rxg2+ {[%emt 0:00:10] Weighted Error Value: White=0.47/Black=0.20 (precise)} 0-1

[Event "Germany Countries-chT Youth 2022"]
[Site "Wiesbaden"]
[Date "2022.10.03"]
[Round "5"]
[White "Mueller, Sophie Charlotte"]
[Black "Pflugradt, Natalie"]
[Result "1/2-1/2"]
[ECO "E32"]
[WhiteElo "1435"]
[BlackElo "1518"]
[Annotator "NA RC COMBH"]
[PlyCount "112"]
[EventDate "2022.09.28"]
[EventType "team-tourn"]
[EventRounds "7"]
[EventCountry "GER"]
[SourceTitle "playchess.com"]
[Source "ChessBase"]
[SourceQuality "1"]
[TimeControl "40/5400+30:1800+30"]

1. d4 Nf6 2. c4 e6 3. Nc3 Bb4 4. Qc2 Bxc3+ 5. bxc3 d5 6. Bg5 h6 7. Bh4 Nbd7 8. cxd5 exd5 9. Nf3 Qe7 10. e3 Qe6 11. Bd3 Ne4 12. Nd2 Ndf6 13. Bxf6 Nxf6 14. O-O O-O 15. c4 c6 16. c5 Bd7 17. Rfb1 Rab8 18. a4 b6 19. cxb6 axb6 20. a5 bxa5 21. Rxb8 Rxb8 22. Rxa5 Qd6 23. Rc5 Ne8 24. Nf3 Rc8 25. Ne5 Nf6 26. h3 Kf8 27. Bf5 Ke7 28. Bxd7 Nxd7 29. Rxc6 Rxc6 30. Nxc6+ Ke6 31. Nd8+ Ke7 32. Nb7 Qb6 33. Nc5 Kd6 34. Nxd7 Kxd7 35. Qf5+ Qe6 36. Qxe6+ Kxe6 37. g4 g5 38. Kg2 f6 39. Kg3 f5 40. f3 Kf6 41. f4 Kg6 42. h4 fxg4 43. fxg5 hxg5 44. Kxg4 gxh4 45. Kxh4 Kf5 46. Kg3 Kg5 47. Kg2 Kg6 48. Kf1 Kf7 49. Ke2 Ke6 50. Kd2 Kd7 51. Kd3 Kd6 52. e4 dxe4+ 53. Kxe4 Ke6 54. d5+ Kd7 55. Ke5 Ke7 56. d6+ Kd8 1/2-1/2

[Event "Germany Countries-chT Youth 2022"]
[Site "Wiesbaden"]
[Date "2022.10.03"]
[Round "5"]
[White "Halas, Neele Zoe"]
[Black "Neininger, Sarah"]
[Result "0-1"]
[ECO "B13"]
[WhiteElo "1392"]
[BlackElo "1589"]
[Annotator "NA RC COMBH"]
[PlyCount "92"]
[EventDate "2022.09.28"]
[EventType "team-tourn"]
[EventRounds "7"]
[EventCountry "GER"]
[SourceTitle "playchess.com"]
[Source "ChessBase"]
[SourceQuality "1"]
[TimeControl "40/5400+30:1800+30"]

1. e4 c6 2. d4 d5 3. exd5 cxd5 4. Bd3 Qc7 5. c3 Nc6 6. Ne2 Bg4 7. f3 Bd7 8. O-O e6 9. Bf4 Bd6 10. Bxd6 Qxd6 11. Nd2 Nf6 12. Nb3 b6 13. Qc2 O-O 14. Rae1 Rfe8 15. Ng3 h6 16. Re2 Rac8 17. Qb1 h5 18. Rfe1 h4 19. Nh1 Qf4 20. Qc1 Nh5 21. Qxf4 Nxf4 22. Re3 Nxd3 23. Rxd3 Ne7 24. g3 Ng6 25. Rde3 hxg3 26. hxg3 Kh7 27. Nf2 Kh6 28. Kg2 Kg5 29. Ng4 f6 30. Nf2 e5 31. Nh3+ Bxh3+ 32. Kxh3 Kf5 33. dxe5 fxe5 34. Nd4+ Kf6 35. Kg4 Rc4 36. b3 Rc7 37. Nb5 Rce7 38. Nd6 Rd8 39. Nf5 Rc7 40. Rd1 Rcd7 41. Red3 e4 42. Rxd5 Rxd5 43. Rxd5 Rxd5 44. fxe4 Rd3 45. c4 Ne5+ 46. Kf4 g5# 0-1

[Event "Germany Countries-chT Youth 2022"]
[Site "Wiesbaden"]
[Date "2022.10.03"]
[Round "5"]
[White "Richter, Johanna"]
[Black "Trunz, Tamila"]
[Result "0-1"]
[ECO "E32"]
[WhiteElo "1355"]
[BlackElo "1521"]
[Annotator "NA RC COMBH"]
[PlyCount "56"]
[EventDate "2022.09.28"]
[EventType "team-tourn"]
[EventRounds "7"]
[EventCountry "GER"]
[SourceTitle "playchess.com"]
[Source "ChessBase"]
[SourceQuality "1"]
[TimeControl "40/5400+30:1800+30"]

1. d4 Nf6 2. c4 e6 3. Nc3 Bb4 4. Qc2 b6 5. a3 Bxc3+ 6. Qxc3 Bb7 7. Bg5 h6 8. Bh4 d6 9. e3 Nbd7 10. Ne2 Rc8 11. f3 c5 12. Qd3 cxd4 13. Nxd4 Ne5 14. Qc2 O-O 15. Be2 d5 16. Qa4 Nxc4 17. Bxc4 Rxc4 18. Qxa7 Qc7 19. Bg3 e5 20. O-O Ra8 21. Bxe5 Rxa7 22. Bxc7 Rxc7 23. Nb5 Ba6 24. Nxc7 Bxf1 25. Nxd5 Nxd5 26. Kxf1 Nxe3+ 27. Kf2 Nc4 28. Rb1 Rd7 0-1

[Event "Germany Countries-chT Youth 2022"]
[Site "Wiesbaden"]
[Date "2022.10.03"]
[Round "5"]
[White "Mukazhanov, Mansur"]
[Black "Fischer, Darja"]
[Result "0-1"]
[ECO "B28"]
[WhiteElo "1319"]
[BlackElo "1738"]
[Annotator "NA RC COMBH"]
[PlyCount "110"]
[EventDate "2022.09.28"]
[EventType "team-tourn"]
[EventRounds "7"]
[EventCountry "GER"]
[SourceTitle "playchess.com"]
[Source "ChessBase"]
[SourceQuality "1"]
[TimeControl "40/5400+30:1800+30"]

1. e4 c5 2. Nf3 a6 3. d4 cxd4 4. Nxd4 Nf6 5. Nc3 e5 6. Nb3 Bb4 7. Bd3 O-O 8. Bd2 Qc7 9. O-O Bxc3 10. Bxc3 d6 11. Qd2 Nc6 12. Rad1 Be6 13. f3 Rfd8 14. Qc1 Rac8 15. Be1 Nd7 16. c3 Nc5 17. Nxc5 dxc5 18. Bb1 Rxd1 19. Qxd1 Rd8 20. Qc2 Qd6 21. f4 Bc4 22. Rf3 exf4 23. e5 Qg6 24. b3 Nxe5 25. Rxf4 Bd3 26. Qd2 c4 27. bxc4 Qb6+ 28. Rd4 Rxd4 29. cxd4 Bxb1 30. c5 Nc4 31. cxb6 Nxd2 32. Bxd2 Bxa2 33. Bb4 f5 34. Kf2 Kf7 35. Ke3 Ke6 36. Kf4 Kd5 37. Bc5 Bb1 38. h4 Be4 39. g3 a5 40. Kg5 a4 41. h5 Kc4 42. Bf8 g6 43. h6 Kxd4 44. Kf6 Ke3 45. Kg7 f4 46. gxf4 Kxf4 47. Kxh7 g5+ 48. Kg7 g4 49. h7 Bxh7 50. Kxh7 g3 51. Kg7 g2 52. Bc5 a3 53. Kf7 a2 54. Ke7 a1=Q 55. Kd7 Qa4+ 0-1

[Event "Germany Countries-chT Youth 2022"]
[Site "Wiesbaden"]
[Date "2022.10.03"]
[Round "5"]
[White "Petrovsky, Vadim"]
[Black "Burian, Simon"]
[Result "1-0"]
[ECO "C76"]
[WhiteElo "1287"]
[BlackElo "2196"]
[Annotator "TA"]
[PlyCount "69"]
[EventDate "2022.09.28"]
[EventType "team-tourn"]
[EventRounds "7"]
[EventCountry "GER"]
[TimeControl "40/5400+30:1800+30"]

1. e4 e5 2. Nf3 Nc6 3. Bb5 g6 4. c3 a6 5. Ba4 d6 6. d4 Bd7 7. O-O Bg7 8. d5 Nce7 9. Bxd7+ Qxd7 10. c4 Nf6 11. Nc3 O-O 12. Ne1 {[%emt 0:02:16][%cal Bf3e1,Be1c2,Bc2e3,Be3d5][%mdl 32] C76: Ruy Lopez: Deferred Steinitz: 5 c3 Bd7 6 d4 g6.} b5 13. cxb5 axb5 {[%emt 0:00:07] Hoping for ...b4.} 14. Nc2 {[%emt 0:11:53] The position is equal.} c6 15. dxc6 {[%emt 0:01:37] [#]} Qxc6 $146 (15... Nxc6 $11 16. Ne3 Rab8) ({Predecessor:} 15... Nxc6 16. Ne3 Nd4 17. Ned5 Nxd5 18. Nxd5 Qb7 19. Be3 f5 20. Bxd4 exd4 21. Qb3 Kh8 22. exf5 Rxf5 {1-0 (50) Kulaots,K (2491)-Luik,H (2234) Tallinn 2000}) 16. Bg5 $16 h6 17. Bxf6 Bxf6 18. g3 Qc5 19. Ne3 Bg5 20. Ncd5 Nxd5 21. Nxd5 Ra4 22. b4 Qa7 23. Qe2 Rb8 24. Rfb1 Ra3 25. Rb2 Bd8 26. Rc1 Bb6 {This costs Black the game.} (26... h5 $14) 27. Rc6 $1 $18 Ra6 (27... Kg7 $142 28. Kg2 (28. Rxd6 Bd4 $16) 28... Bd4) 28. Rbc2 {[%emt 0:02:44] Threatens to win with Rc8+.} ({And not} 28. Rxb6 Rbxb6 29. Nxb6 Qxb6 $11) 28... Bd8 (28... Kh7 $142 29. Qf3 Ra3) 29. Rc8 Kg7 {[%emt 0:00:30] [#]} 30. Rxd8 Rxd8 31. Rc7 Qb8 $2 (31... Rxa2 32. Qf3 Qxf2+ 33. Qxf2 Rxf2 34. Kxf2 Ra8) 32. Qf3 Rf8 {[%emt 0:00:09] [#]} 33. Qf6+ $1 Kg8 34. Ne7+ Kh7 {[%emt 0:00:13] [#]} 35. Rc8 $1 {[%emt 0:00:08][%mdl 512] Weighted Error Value: White=0.24 (precise) /Black=0.52} 1-0

[Event "Germany Countries-chT Youth 2022"]
[Site "Wiesbaden"]
[Date "2022.10.03"]
[Round "5"]
[White "Rafikova, Ailin"]
[Black "Kutz, Ida Klara"]
[Result "1/2-1/2"]
[ECO "B07"]
[WhiteElo "1287"]
[BlackElo "1411"]
[Annotator "NA RC COMBH"]
[PlyCount "73"]
[EventDate "2022.09.28"]
[EventType "team-tourn"]
[EventRounds "7"]
[EventCountry "GER"]
[SourceTitle "playchess.com"]
[Source "ChessBase"]
[SourceQuality "1"]
[TimeControl "40/5400+30:1800+30"]

1. e4 d6 2. d4 Nf6 3. Nc3 g6 4. Be3 a6 5. Bc4 b5 6. Bd3 Nbd7 7. f3 Nb6 8. Nge2 Nc4 9. Bxc4 $11 bxc4 10. Qd2 Rb8 11. Rb1 Bd7 12. Bh6 Bxh6 13. Qxh6 e6 14. e5 dxe5 15. dxe5 Nd5 16. Qg7 Rf8 17. Ne4 Rb6 18. Qxh7 Qe7 19. Kf2 Kd8 20. Rhd1 Qe8 21. Qh4+ Kc8 22. N2c3 Rh8 23. Qg3 Nxc3 24. bxc3 Qe7 25. Nf6 Bb5 26. Qf4 Qc5+ 27. Kf1 Ba4 28. Qe4 Qc6 29. Qxc6 Rxc6 30. Rd2 Rxh2 31. Kg1 Rh8 32. Rbd1 Kb7 33. Rd7 Bxc2 34. R1d2 Bd3 35. Rxf7 Rc5 36. f4 Rb5 37. Kf2 1/2-1/2

[Event "Germany Countries-chT Youth 2022"]
[Site "Wiesbaden"]
[Date "2022.10.03"]
[Round "5"]
[White "Gavrylyuk, Oleksandr"]
[Black "Ulrich, Helena Irene"]
[Result "0-1"]
[ECO "B90"]
[WhiteElo "1263"]
[BlackElo "1573"]
[Annotator "COMBH"]
[PlyCount "96"]
[EventDate "2022.09.28"]
[EventType "team-tourn"]
[EventRounds "7"]
[EventCountry "GER"]
[TimeControl "40/5400+30:1800+30"]

1. e4 c5 2. Nf3 d6 3. d4 cxd4 4. Nxd4 Nf6 5. Nc3 a6 6. f3 e5 7. Nb3 Be6 8. Be3 Be7 9. Qd2 O-O 10. g4 d5 11. exd5 Nxd5 12. O-O-O Nxe3 13. Qxe3 Bg5 14. Rxd8 Bxe3+ 15. Rd2 Rd8 16. Bd3 Bxb3 17. axb3 Bxd2+ 18. Kxd2 Nc6 19. Re1 f6 20. Kc1 b5 21. Be4 Rac8 22. Nd5 Kf8 23. Nb6 Rc7 24. Nd5 Rcd7 25. Nxf6 gxf6 26. Bxc6 Rd6 27. Be4 h6 28. Bd3 Kf7 29. h4 Rh8 30. h5 Rhd8 31. Re2 Rd4 32. Rd2 f5 33. Re2 fxg4 34. fxg4 Kf6 35. Re4 Rxe4 36. Bxe4 Rd4 37. Bf5 Kg5 38. c3 Rf4 39. Kd2 Rf2+ 40. Kc1 Rf1+ 41. Kd2 Rf2+ 42. Kc1 Kf4 43. c4 e4 44. c5 e3 45. Kd1 Rxb2 46. c6 e2+ 47. Ke1 Ke3 48. c7 Rd2 0-1

[Event "Germany Countries-chT Youth 2022"]
[Site "Wiesbaden"]
[Date "2022.10.03"]
[Round "5"]
[White "Vasylenko, Nadeja"]
[Black "Roessling, Laura Marie"]
[Result "1-0"]
[ECO "C45"]
[WhiteElo "1261"]
[BlackElo "1418"]
[Annotator "NA RC COMBH"]
[PlyCount "99"]
[EventDate "2022.09.28"]
[EventType "team-tourn"]
[EventRounds "7"]
[EventCountry "GER"]
[SourceTitle "playchess.com"]
[Source "ChessBase"]
[SourceQuality "1"]
[TimeControl "40/5400+30:1800+30"]

1. e4 e5 2. Nf3 Nc6 3. d4 exd4 4. Nxd4 Bc5 5. Be3 Qf6 6. c3 Nge7 7. Bc4 Ne5 8. Bb3 Qg6 9. O-O d6 10. Ba4+ c6 11. Kh1 Qxe4 12. Nd2 Qg6 13. Bc2 Qf6 14. Ne4 Qh4 15. Nf3 Nxf3 16. Qxf3 Bxe3 17. Nxd6+ Kd7 18. Nxf7 Rf8 19. Ne5+ Ke8 20. Qxe3 Nf5 21. Bxf5 Bxf5 22. Ng6+ Qe4 23. Qxe4+ Bxe4 24. Nxf8 Kxf8 25. f3 Bd5 26. Rfe1 Kf7 27. Re3 Rd8 28. Rd1 Rf8 29. b3 Kg6 30. c4 Bf7 31. Rd7 h6 32. Rxb7 Rd8 33. h3 Rd2 34. Ree7 Bxc4 35. bxc4 Rxa2 36. Rxg7+ Kf5 37. Rxa7 Rc2 38. Rg4 h5 39. Re4 Rc1+ 40. Kh2 c5 41. Ra5 Rd1 42. Rxc5+ Kg6 43. Rd5 Rxd5 44. cxd5 Kf6 45. d6 h4 46. d7 Kf5 47. d8=Q Kg6 48. Rf4 Kh5 49. Qg8 Kh6 50. Rxh4# 1-0

[Event "Germany Countries-chT Youth 2022"]
[Site "Wiesbaden"]
[Date "2022.10.03"]
[Round "5"]
[White "Schwarzfischer, Julia"]
[Black "Struebel, Katharina"]
[Result "0-1"]
[ECO "C50"]
[WhiteElo "1256"]
[BlackElo "1273"]
[Annotator "COMBH"]
[PlyCount "120"]
[EventDate "2022.09.28"]
[EventType "team-tourn"]
[EventRounds "7"]
[EventCountry "GER"]
[TimeControl "40/5400+30:1800+30"]

1. e4 e5 2. Bc4 Nc6 3. Nf3 Be7 4. c3 Nf6 5. d3 d5 6. exd5 Nxd5 7. Qb3 Na5 8. Qa4+ Nc6 9. Qb5 Nb6 10. Nbd2 a6 11. Qb3 O-O 12. Ne4 Nxc4 13. dxc4 Be6 14. Qc2 Bxc4 15. Neg5 Qd3 16. Qxd3 Bxd3 17. h4 h6 18. Nh3 e4 19. Nd2 Bxh4 20. Nf4 Bf6 21. Nd5 Be5 22. f4 Bd6 23. b3 Ne7 24. Nxe7+ Bxe7 25. Bb2 Bf6 26. O-O-O b5 27. g4 Rad8 28. Rh2 e3 29. Nf3 Be4 30. Nd4 c5 31. Nc2 Rxd1+ 32. Kxd1 Bxc2+ 33. Kxc2 Re8 34. Re2 Kh7 35. Ba3 c4 36. Bc5 cxb3+ 37. Kxb3 Rc8 38. Bb4 Rc4 39. Rxe3 Rxf4 40. Rg3 Bh4 41. Rg1 f5 42. gxf5 Rxf5 43. Rd1 Rf6 44. Be7 Rf4 45. Bd6 Rf5 46. Bc7 Bf6 47. Re1 Bxc3 48. Kxc3 Rc5+ 49. Kb4 Rxc7 50. Ka5 Rc2 51. Ra1 Rc6 52. Rd1 g5 53. Rd7+ Kg6 54. Ra7 Rc2 55. Rxa6+ Kh5 56. Kxb5 g4 57. Rd6 Rxa2 58. Rd5+ Kh4 59. Rd6 h5 60. Rd5 g3 0-1

[Event "Germany Countries-chT Youth 2022"]
[Site "Wiesbaden"]
[Date "2022.10.03"]
[Round "5"]
[White "Alhassan, Jodi"]
[Black "Hoffmann, Sophia"]
[Result "0-1"]
[ECO "C54"]
[WhiteElo "1227"]
[BlackElo "1258"]
[Annotator "NA RC COMBH"]
[PlyCount "50"]
[EventDate "2022.09.28"]
[EventType "team-tourn"]
[EventRounds "7"]
[EventCountry "GER"]
[SourceTitle "playchess.com"]
[Source "ChessBase"]
[SourceQuality "1"]
[TimeControl "40/5400+30:1800+30"]

1. e4 e5 2. Nf3 Nc6 3. Bc4 Bc5 4. c3 Nf6 5. d3 d6 6. b4 Bb6 7. a4 a5 8. b5 Ne7 9. O-O Ng6 10. Bb3 O-O 11. Nbd2 Ba7 12. Nc4 Re8 13. Ne3 Nf4 14. Qc2 N6h5 15. Qa2 Be6 16. Bxe6 Rxe6 17. d4 Rg6 18. Kh1 Qf6 19. Rg1 Nxg2 20. Nxg2 Qxf3 21. Bd2 exd4 22. cxd4 Bxd4 23. Raf1 Be5 24. Qc4 Qh3 25. Bf4 Nxf4 0-1

[Event "Germany Countries-chT Youth 2022"]
[Site "Wiesbaden"]
[Date "2022.10.03"]
[Round "5"]
[White "Färber, Anna"]
[Black "Altmeyer, Hannah"]
[Result "1-0"]
[ECO "C50"]
[WhiteElo "1165"]
[BlackElo "728"]
[Annotator "NA RC COMBH"]
[PlyCount "113"]
[EventDate "2022.09.28"]
[EventType "team-tourn"]
[EventRounds "7"]
[EventCountry "GER"]
[SourceTitle "playchess.com"]
[Source "ChessBase"]
[SourceQuality "1"]
[TimeControl "40/5400+30:1800+30"]

1. e4 e5 2. Nf3 Nc6 3. Bc4 Bc5 4. O-O Nf6 5. d4 Bxd4 6. Nxd4 Nxd4 7. f4 Nc6 8. Bxf7+ Kxf7 9. fxe5 Nxe5 10. Qd5+ Ke8 11. Qxe5+ Qe7 12. Qxe7+ Kxe7 13. Bg5 Rf8 14. e5 d6 15. exf6+ gxf6 16. Be3 b6 17. Re1 Kd7 18. Nc3 Re8 19. Nd5 Re6 20. Bd4 f5 21. Rxe6 Kxe6 22. Nxc7+ Kd7 23. Nxa8 Kc6 24. Nxb6 axb6 25. a4 Kd5 26. Bxb6 Kc6 27. a5 Kb5 28. Kf2 h6 29. Ke3 d5 30. Kd4 Bb7 31. g3 h5 32. h4 Bc8 33. Kxd5 Bb7+ 34. Kd6 Ba6 35. Kc7 Kb4 36. Kb8 Bc4 37. a6 Kb5 38. a7 Bd5 39. Rf1 Be4 40. Rxf5+ Bxf5 41. a8=Q Kxb6 42. Qa7+ Kc6 43. Qc7+ Kd5 44. b4 Be4 45. c4+ Kd4 46. Qf4 Kd3 47. g4 hxg4 48. Qxg4 Bh7 49. Qd7+ Kxc4 50. Qxh7 Kxb4 51. Qc2 Kb5 52. Qc3 Kb6 53. Qc4 Ka5 54. Qb3 Ka6 55. Kc7 Ka5 56. Kc6 Ka6 57. Qb6# 1-0

[Event "Germany Countries-chT Youth 2022"]
[Site "Wiesbaden"]
[Date "2022.10.03"]
[Round "5"]
[White "Ignatova, Gabriela"]
[Black "Chandrasekher, Ritu"]
[Result "1/2-1/2"]
[ECO "C54"]
[WhiteElo "1099"]
[BlackElo "1262"]
[Annotator "NA RC COMBH"]
[PlyCount "87"]
[EventDate "2022.09.28"]
[EventType "team-tourn"]
[EventRounds "7"]
[EventCountry "GER"]
[SourceTitle "playchess.com"]
[Source "ChessBase"]
[SourceQuality "1"]
[TimeControl "40/5400+30:1800+30"]

1. e4 e5 2. Nf3 Nc6 3. Bc4 Bc5 4. c3 Nf6 5. d4 exd4 6. e5 d5 7. Bb5 Ne4 8. cxd4 Bb6 9. Nc3 Nxc3 10. bxc3 Bd7 11. Ba3 Nxe5 12. Bxd7+ Nxd7 13. Qe2+ Ne5 14. Nxe5 Qc8 15. Ng6+ Kd7 16. Qg4+ Kc6 17. Qxc8 Rhxc8 18. Ne5+ Kb5 19. Rb1+ Ka6 20. O-O f6 21. Nd3 Ka5 22. Rb3 Re8 23. Rfb1 Re2 24. Bc5 Rxa2 25. Ra3+ Rxa3 26. Bxa3 Ka4 27. Bc5 Re8 28. h4 Re2 29. Kh2 Rd2 30. Nf4 Rxf2 31. Nxd5 Bxc5 32. dxc5 Rf5 33. Nxc7 Rxc5 34. Rxb7 a5 35. Ne6 Rh5 36. Nxg7 Rxh4+ 37. Kg3 Rh6 38. Nf5 Rg6+ 39. Kf3 Rg5 40. g4 h5 41. c4 hxg4+ 42. Kf4 g3 43. Nxg3 Rc5 44. Ne4 1/2-1/2

[Event "Germany Countries-chT Youth 2022"]
[Site "Wiesbaden"]
[Date "2022.10.03"]
[Round "6"]
[White "Lutsko, Artem"]
[Black "Petrovsky, Vadim"]
[Result "1/2-1/2"]
[ECO "B92"]
[WhiteElo "2442"]
[BlackElo "1287"]
[Annotator "TA"]
[PlyCount "62"]
[EventDate "2022.09.28"]
[EventType "team-tourn"]
[EventRounds "7"]
[EventCountry "GER"]
[SourceTitle "playchess.com"]
[Source "ChessBase"]
[SourceQuality "1"]
[TimeControl "40/5400+30:1800+30"]

1. e4 c5 2. Nf3 d6 3. d4 cxd4 4. Nxd4 Nf6 5. Nc3 a6 6. Be2 e5 7. Nb3 Be7 8. Be3 Be6 9. O-O O-O 10. Qd2 {[%emt 0:05:10] 10.Re1 is more fashionable.} Nbd7 11. a4 Nb6 {[%emt 0:04:55] The position is equal.} 12. a5 {[%emt 0:02:28] B92: Sicilian Najdorf: 6 Be2.} Nc4 13. Bxc4 Bxc4 14. Rfd1 Rc8 15. Nc1 d5 16. Bb6 Qe8 {[%emt 0:03:15] [#] Strongly threatening ...d4.} 17. exd5 {[%emt 0:08:12] Hoping for d6.} Bb4 18. d6 {[%emt 0:01:24] And now d7 would win.} Qd7 19. Nd3 Bxd6 20. Nxe5 Bxe5 {[%emt 0:00:11] A strong pair of Bishops.} 21. Qxd7 Nxd7 22. Rxd7 Bxc3 23. bxc3 Bb5 24. Rxb7 Rxc3 25. Rc7 {[%emt 0:00:22] [#] An even fight not without its subleties.  Weighted Error Value: White=0.01 (flawless) /Black=0.00 (flawless)} {Predecessor:} Rxc7 $146 26. Bxc7 Rc8 27. Rd1 Ba4 28. Rd8+ Rxd8 29. Bxd8 Bxc2 30. Kf1 f5 31. Ke2 Kf7 {½-½ (40) Koskela,N (2204)-L'Ami,A (2364) Reykjavik 2015} 1/2-1/2

[Event "Germany Countries-chT Youth 2022"]
[Site "Wiesbaden"]
[Date "2022.10.03"]
[Round "6"]
[White "Krastev, Alexander"]
[Black "Bornholdt, Joa Max"]
[Result "1-0"]
[ECO "A00"]
[WhiteElo "2420"]
[BlackElo "2196"]
[Annotator "TA"]
[PlyCount "91"]
[EventDate "2022.09.28"]
[EventType "team-tourn"]
[EventRounds "7"]
[EventCountry "GER"]
[SourceTitle "playchess.com"]
[Source "ChessBase"]
[SourceQuality "1"]
[TimeControl "40/5400+30:1800+30"]

1. a3 d5 2. Nf3 Nf6 3. e3 Bf5 4. c4 c6 5. Nc3 e6 6. d4 Bd6 {[%emt 0:01:39] D12: Slav Defence: 3 Nf3 Nf6 4 e3 Bf5.} 7. Bd3 Bxd3 8. Qxd3 Nbd7 {[%emt 0:00:10] The position is equal.} 9. e4 dxe4 10. Nxe4 Nxe4 11. Qxe4 {[%emt 0:00:04] [#]} Qf6 $146 ({Predecessor:} 11... h6 12. Bd2 Nf6 13. Qh4 Qc7 14. O-O Rd8 15. Rfe1 Be7 16. Qh3 O-O 17. Rad1 Rfe8 {0-1 (64) Nemergut,P (2011)-Veselovsky,J (2058) Slovakia 2015}) 12. O-O Qg6 13. Qe2 O-O 14. Rd1 Rfd8 15. Bg5 Re8 16. Qd3 Qxd3 17. Rxd3 Bc7 18. Rad1 f6 19. Be3 Kf7 20. Kf1 g5 21. h3 h6 22. d5 exd5 23. cxd5 cxd5 24. Rxd5 Nb6 25. Rc5 Rac8 26. g4 Bb8 {[%emt 0:05:06] [#]} 27. Rb5 $1 Re7 28. Bc5 (28. Bxb6 $16 axb6 29. Rxb6) 28... Rec7 (28... a6 $1 $14) 29. Bxb6 $16 {White is much more active.} axb6 30. Rxb6 Re7 31. Re1 Rce8 32. Rxe7+ Rxe7 $18 {[%emt 0:00:01][%mdl 4096] Endgame KRB-KRN} 33. Rb5 Ba7 34. Nd2 Kg6 35. f3 Bd4 36. b3 Rd7 37. Ke2 h5 (37... b6 $142 38. Nc4 Re7+ 39. Kd3 Bg1) 38. a4 hxg4 39. hxg4 ({Resist} 39. fxg4 $6 Re7+ 40. Kf1 Rh7 $16) 39... Be5 (39... b6 {was necessary.} 40. b4 Ra7) 40. Ne4 Bf4 41. Rb6 Be5 (41... Rf7 $142 42. b4 Bb8) 42. Nc5 Rh7 (42... Rd5 43. Nd3 Bd4 44. Rxb7 Ra5) 43. Rxb7 {[%emt 0:00:38] White is clearly winning.} Rh2+ 44. Kd3 Rf2 45. Ne6 {[%emt 0:03:14] [#] Nf8+ would kill now.} f5 46. Nf8+ {[%emt 0:00:09] Weighted Error Value: White=0.11 (very precise) /Black=0.34} 1-0